 Dungeon Crawl Stone Soup version 0.27.1-4-g1640c2035a (webtiles) character file.

Game seed: 1366059764401444926

1004 H0rd4k the Charlatan (level 8, -5/61 HPs)
             Began as a Human Artificer on Nov 5, 2021.
             Slain by a gnoll (10 damage)
             ... on level 5 of the Dungeon.
             The game lasted 00:11:11 (7884 turns).

H0rd4k the Charlatan (Human Artificer)              Turns: 7884, Time: 00:11:12

Health: -5/61      AC:  3    Str: 18    XL:     8   Next: 43%
Magic:  8/8        EV: 12    Int: 14    God:
Gold:   270        SH:  0    Dex: 14    Spells: 7/7 levels left

rFire    + + .     SeeInvis .   h - +2 dagger (speed)
rCold    . . .     Faith    .   (no shield)
rNeg     . . .     Spirit   .   b - +0 leather armour
rPois    +         Reflect  .   (no helmet)
rElec    +         Harm     .   (no cloak)
rCorr    +         Rampage  .   (no gloves)
Will     .....                  (no boots)
Stlth    +.........             (no amulet)
HPRegen  0.20/turn              g - +6 ring of strength
MPRegen  0.11/turn              u - ring of fire

@: lethally poisoned (-5 -> -9), resistant
A: no striking features
a: no special abilities


You were on level 5 of the Dungeon.
You visited 1 branch of the dungeon, and saw 5 of its levels.

You collected 270 gold pieces.

Inventory:

Hand Weapons
 h - a +2 dagger of speed (weapon)
 n - the +9 heavy crossbow "Sniper" {vorpal, Acc+∞ SInv}
   (You found it on level 4 of the Dungeon)

   Any ammunition fired from it inflicts extra damage upon your enemies.
   Any ammunition fired from it never misses its target.
   SInv:      It lets you see invisible.
Missiles
 o - 10 bolts
 s - 22 poisoned darts
Armour
 b - a +0 leather armour (worn)
Jewellery
 g - a +6 ring of strength (left hand)
 u - a ring of fire (right hand)
 w - a ring of flight
Wands
 d - a wand of charming (2)
 y - a wand of digging (7)
 A - a wand of polymorph (2)
Scrolls
 a - 2 scrolls of teleportation {unknown}
 f - 8 scrolls of identify {unknown}
 j - 3 scrolls of immolation {unknown}
 l - a scroll of fog {unknown}
 p - a scroll of enchant weapon {unknown}
 x - a scroll of noise {unknown}
Potions
 i - a potion of lignification {unknown}
 k - a potion of resistance
 m - a potion of heal wounds {unknown}
 q - a potion of cancellation {unknown}
 r - 2 potions of haste {unknown}
 t - a potion of flight {unknown}
 v - 2 potions of might {unknown}
 z - 2 potions of degeneration {unknown}
Miscellaneous
 e - a piece from Xom's chessboard (15/15)


   Skills:
 + Level 4.3 Fighting
 + Level 4.5 Short Blades
 * Level 3.9 Crossbows
 - Level 2.0 Armour
 + Level 3.4 Dodging
 - Level 1.0 Stealth
 + Level 4.6 Evocations


You had 7 spell levels left.
You didn't know any spells.
Your spell library contained the following spells:

 Spells                   Type           Power      Damage    Failure   Level
 Sting                    Tmut/Pois      0%         1d3       34%         1
 Poisonous Vapours        Pois/Air       0%         N/A       45%         2
 Olgreb's Toxic Radiance  Pois           0%         N/A       98%         4


Dungeon Overview and Level Annotations

Branches:
Dungeon (5/15)
 Temple: D:4-7

Altars:
Makhleb
Okawaru

Shops:
D:1 *

Annotations:
D:2 exclusion: downstairs
D:3 1 runed translucent door, exclusion: door, Crazy Yiuf, Edmund
D:4 Natasha
D:5 exclusion: upstairs


Message History

Orders for allies: a - Attack new target. p - Attack previous target. r - Retreat! s - Stop attacking. g - Guard the area. f - Follow me.
Anything else - Cancel.
Guard this area!
You feel sick.
Your kobold brigand closely misses the kobold.
The kobold hits you with a +0 club.
You hit the kobold.
You kill the kobold!
You feel sick.
You are no longer poisoned.
The gnoll hits you but does no damage.
Your kobold brigand hits the kobold with a +0 short sword.
The kobold hits your kobold brigand with a +0 club.
Your kobold brigand closely misses the kobold.
The kobold hits your kobold brigand with a +0 club.
Your kobold brigand hits the kobold with a +0 short sword.
The kobold dies!
The gnoll hits you with a +5 spear.
Your kobold brigand throws a poisoned dart.
The poisoned dart misses the gnoll.
The poisoned dart hits you!
You are poisoned.
You closely miss the gnoll.
You feel sick.
You hit the gnoll but do no damage.
You feel sick. The gnoll hits you with a +5 spear!
* * * LOW HITPOINT WARNING * * *
Your kobold brigand throws a poisoned dart.
The poisoned dart closely misses the gnoll.
The poisoned dart completely misses you.
You hit the gnoll.
The gnoll is lightly wounded.
You hit the gnoll.
The gnoll is severely wounded.
You feel sick. The gnoll hits you with a +5 spear.
* * * LOW HITPOINT WARNING * * *
It was a potion of resistance.
You feel protected.
* * * LOW HITPOINT WARNING * * *
You feel sick. The gnoll hits you with a +5 spear!
You die...

≈≈≈≈≈.....≈≈≈≈≈≈≈≈≈≈≈≈≈≈≈≈≈≈≈≈≈≈≈
≈≈≈≈≈...(..≈≈≈≈≈≈≈≈≈≈≈≈≈≈≈≈≈≈≈≈≈≈
≈≈≈≈≈≈....≈≈≈≈≈≈≈≈≈≈≈≈≈≈≈≈≈≈≈≈≈≈≈
#######''########################
.....#.)..#......)#.....## ##....
.....#....#......(').....###.....
######....#########.......#......
.)..#).....#.......K...).÷#......
)...)......'....@g).......(......
....#......#.............(#......
######....#########.......#......
.....#....#......))......###.....
.....#....#......)#.....## ##....
######################### #####


You could see a gnoll (ally target) and a friendly kobold brigand (charmed).

Vanquished Creatures
  Duvessa (D:5)
  A sky beast (D:5)
  A kobold brigand (D:5)
  A scorpion (D:5)
  A jelly (D:5)
  Jessica (D:3)
  2 iguanas (D:5)
  An orc wizard (D:5)
  11 gnolls
  6 adders
  A shadow imp (D:5)
  An ufetubus (D:4)
  A worm (D:2)
  6 orcs
  7 ball pythons
  4 bats
  6 endoplasms
  3 giant cockroaches (D:1)
  6 hobgoblins
  5 jackals
  39 kobolds
  3 quokkas
  3 frilled lizards
  10 goblins
  5 rats
126 creatures vanquished.

Vanquished Creatures (collateral kills)
  Eustachio (D:5)
  Dowan (D:5)
  A hound (D:5)
  2 gnolls (D:5)
  An orc (D:5)
  A hobgoblin (D:5)
  6 kobolds (D:5)
  A ball python (D:5)
14 creatures vanquished.

Vanquished Creatures (others)
  A gnoll (D:5)
  5 plants (D:4)
6 creatures vanquished.

Grand Total: 146 creatures vanquished

Notes
Turn   | Place    | Note
-------+----------+-------------------------------------------
     0 | D:1      | H0rd4k the Human Artificer began the quest for the Orb.
     0 | D:1      | Reached XP level 1. HP: 15/15 MP: 1/1
   140 | D:1      | Reached XP level 2. HP: 18/21 MP: 2/2
   995 | D:1      | Reached XP level 3. HP: 19/26 MP: 3/3
  1094 | D:1      | Found Baytis's Assorted Antiques.
  1285 | D:1      | Found a faded altar of an unknown god.
  1961 | D:2      | Reached skill level 1 in Short Blades
  2235 | D:2      | Reached XP level 4. HP: 20/32 MP: 4/4
  2796 | D:3      | Noticed Jessica
  2802 | D:3      | Killed Jessica
  2803 | D:3      | Reached XP level 5. HP: 20/38 MP: 5/5
  3235 | D:3      | Found a burning altar of Makhleb.
  3524 | D:3      | Found a runed translucent door.
  3525 | D:3      | Noticed Crazy Yiuf
  3593 | D:3      | Found an iron altar of Okawaru.
  3838 | D:4      | Found the +9 heavy crossbow "Sniper" {vorpal, Acc+∞ SInv}
  4407 | D:4      | Noticed Edmund
  4550 | D:4      | Reached skill level 1 in Crossbows
  4776 | D:4      | Noticed Natasha
  4796 | D:5      | Entered Level 5 of the Dungeon
  4905 | D:5      | Reached XP level 6. HP: 35/44 MP: 6/6
  4928 | D:5      | Noticed a sky beast
  4936 | D:5      | Killed a sky beast
  5783 | D:5      | Reached XP level 7. HP: 39/51 MP: 7/7
  6402 | D:5      | Noticed Eustachio
  6403 | D:5      | Noticed Dowan
  6403 | D:5      | Noticed Duvessa
  6423 | D:5      | Killed Dowan
  6448 | D:5      | Killed Eustachio
  6776 | D:5      | Killed Duvessa
  6777 | D:5      | Reached XP level 8. HP: 47/60 MP: 8/8
  7884 | D:5      | Slain by a gnoll

Illustrated notes

Levels and vault maps discovered:
D:1:      psy_arrival_terrarium, layout_loops_ring, serial_shops, shop,
          shapermc_ecumenical_altar_mp_highgroup
D:2:      layout_basic
D:3:      layout_loops_ring, okawaru_altar_gauntlet_db,
          mainiacjoe_overflow_tiny_flanked, minmay_misc_feat_four_crosses,
          uniq_jessica, uniq_crazy_yiuf_cottage
D:4:      corexii_shack_village, layout_cave_pools, minitemple, serial_forest,
          infiniplex_forest_clump_small, infiniplex_forest_lined_corner,
          infiniplex_forest_zigzag_1, infiniplex_forest_diagonal,
          infiniplex_forest_lined_2, uniq_natasha, uniq_edmund, uniq_robin
D:5:      minmay_goblin_kobold_castle, layout_loops_corners, uniq_eustachio,
          uniq_duvessa

Skill      XL: |  1  2  3  4  5  6  7 |
---------------+----------------------+-----
Short Blades   | 1 2 3 4 |  4.5
Evocations     | 4 |  4.6
Dodging        | 2 3 |  3.4
Fighting       | 2 4 |  4.3
Crossbows      | 1 2 3 |  3.9
Armour         | |  2.0
Stealth        | |  1.0

Action                   |  1- 3 |  4- 6 |  7- 9 || total
-------------------------+-------+-------+-------++-------
Melee: Club              |    32 |       |       ||    32
       Dagger            |    83 |   266 |   195 ||   544
 Fire: Heavy crossbow    |       |     6 |    10 ||    16
Evoke: Wand              |     4 |     8 |    16 ||    28
  Use: Potion            |       |       |     1 ||     1
 Stab: Sleeping          |     1 |     3 |       ||     4
Armor: Leather armour    |    19 |    44 |    19 ||    82
Dodge: Dodged            |    48 |   129 |    82 ||   259
